 Dungeon Crawl Stone Soup version 0.30-a0-377-g5cb311bc9f (webtiles) character file.

Game seed: 16523341773695441966

654 boopmooplesden the Slasher (level 7, -1/61 HPs)
             Began as a Minotaur Berserker on Nov 29, 2022.
             Was a Priest of Trog.
             Slain by a wyvern zombie (12 damage)
             ... on level 6 of the Dungeon.
             The game lasted 00:05:23 (2913 turns).

boopmooplesden the Slasher (Minotaur Berserker)     Turns: 2913, Time: 00:05:23

Health: -1/61      AC: 10    Str: 21    XL:     7   Next: 29%
Magic:  6/6        EV:  5    Int:  4    God:    Trog [***...]
Gold:   111        SH: 12    Dex: 12    Spells: 6/6 levels left

rFire   . . .      SeeInvis +    y - +4 falchion
rCold   . . .      Faith    .    k - +0 tower shield
rNeg    . . .      Spirit   .    o - +0 chain mail
rPois   .          Reflect  .    (helmet restricted)
rElec   .          Harm     .    p - +0 cloak
rCorr   .          Rampage  .    (no gloves)
Will    .....                    (no boots)
Stlth   ..........               (no amulet)
HPRegen 0.30/turn                d - ring of see invisible
MPRegen 0.10/turn                (no ring)

@: no status effects
A: horns 2, retaliatory headbutt
a: Renounce Religion, Berserk, Trog's Hand


You were on level 6 of the Dungeon.
You worshipped Trog.
Trog was most pleased with you.
You visited 1 branch of the dungeon, and saw 5 of its levels.

You collected 261 gold pieces.
You spent 150 gold pieces at shops.

Inventory:

Hand Weapons
 y - a +4 falchion (weapon)
Missiles
 i - 2 javelins (quivered)
Armour
 k - a +0 tower shield (worn)
 o - a +0 chain mail (worn)
 p - a +0 cloak (worn)
Jewellery
 b - an amulet of faith
 d - a ring of see invisible (left hand)
 w - an amulet of magic regeneration
Scrolls
 c - 2 scrolls of acquirement {unknown}
 f - 2 scrolls of noise {unknown}
 h - a scroll of vulnerability {unknown}
 j - a scroll of enchant weapon {unknown}
 l - 3 scrolls of identify {unknown}
 q - 2 scrolls of teleportation {unknown}
 r - a scroll of immolation {unknown}
 u - a scroll of amnesia {unknown}
 v - a scroll of poison {unknown}
Potions
 a - a potion of curing {unknown}
 e - a potion of resistance {unknown}
 g - 2 potions of attraction {unknown}
 m - a potion of heal wounds {unknown}
 n - a potion of lignification {unknown}
 s - a potion of degeneration {unknown}
 t - a potion of brilliance {unknown}


   Skills:
 + Level 5.3 Fighting
 + Level 6.4 Long Blades
 + Level 4.7 Armour
 + Level 3.3 Dodging
 + Level 0.8 Stealth
 + Level 4.2 Shields


You had 6 spell levels left.
You didn't know any spells.
Your spell library was empty.

Dungeon Overview and Level Annotations

Branches:
Dungeon (4/15)             Temple (0/1) D:4

Altars:

Shops:
D:1 (   D:2 [


Innate Abilities, Weirdness & Mutations

You have a pair of horns on your head.
You reflexively headbutt those who attack you in melee.


Message History

The howler monkey zombie hits you but does no damage.
You hit the howler monkey zombie. You headbutt the howler monkey zombie.
The howler monkey zombie is almost destroyed.
You block the howler monkey zombie's attack.
You slash the howler monkey zombie!
You destroy the howler monkey zombie!
Trog accepts your kill. You block the wyvern zombie's attack.
Your Shields skill increases to level 4!
You hit the wyvern zombie.
The wyvern zombie is lightly damaged.
The wyvern zombie bites you.
You barely miss the wyvern zombie. Your headbutt misses the wyvern zombie.
The wyvern zombie is lightly damaged.
The wyvern zombie bites you!
The wyvern zombie bites you but does no damage.
You hit the wyvern zombie.
The wyvern zombie is moderately damaged.
You block the wyvern zombie's attack. x2
You hit the wyvern zombie.
The wyvern zombie is moderately damaged.
The wyvern zombie bites you. x2
You slash the wyvern zombie! You headbutt the wyvern zombie!
The wyvern zombie is severely damaged.
You block the wyvern zombie's attack.
You hit the wyvern zombie.
The wyvern zombie is severely damaged.
The wyvern zombie bites you! x2
You slash the wyvern zombie! You headbutt the wyvern zombie.
You destroy the wyvern zombie!
Trog accepts your kill. You block the wyvern zombie's attack.
You slash the wyvern zombie! You headbutt the wyvern zombie!
The wyvern zombie is heavily damaged.
The wyvern zombie bites you. The wyvern zombie bites you!
* * * LOW HITPOINT WARNING * * *
You hit the wyvern zombie.
The wyvern zombie is severely damaged.
The wyvern zombie bites you!
You die...

#.# #.## ###
#... ..# #..#
#.# #######..#
#.# .........
#.#
#....#####.##
#...$.Z@....#
.......#########
....... .....#.
..8.... .... #.
... ## ...


You could see a wyvern zombie.

Vanquished Creatures
  A wyvern zombie (D:6)
  5 wights (D:4)
  2 orc priests
  A hound (D:6)
  Terence (D:2)
  2 orc wizards
  A howler monkey zombie (D:6)
  7 adders
  2 worms (D:3)
  2 dart slugs
  15 orcs
  5 endoplasms
  2 giant cockroaches (D:2)
  8 goblins
  6 hobgoblins
  2 kobolds (D:1)
  3 quokkas
  3 ball pythons
  4 bats
  8 frilled lizards
  5 rats
85 creatures vanquished.

Notes
Turn   | Place    | Note
-------+----------+-------------------------------------------
     0 | D:1      | boopmooplesden the Minotaur Berserker began the quest for
                  | the Orb.
     0 | D:1      | Reached XP level 1. HP: 19/19 MP: 0/0
   139 | D:1      | Reached skill level 4 in Long Blades
   172 | D:1      | Reached XP level 2. HP: 27/27 MP: 1/1
   295 | D:1      | Found Usoodir's Weapon Shop.
   564 | D:2      | Reached ** piety under Trog
   619 | D:2      | Found Enuem's Antique Armour Boutique.
   792 | D:2      | Reached XP level 3. HP: 32/33 MP: 2/2
   866 | D:2      | Noticed Terence
   875 | D:2      | Killed Terence
   980 | D:2      | Reached skill level 1 in Shields
   980 | D:2      | Reached XP level 4. HP: 23/41 MP: 3/3
  1627 | D:3      | Found a faded altar of an unknown god.
  1633 | D:3      | Reached XP level 5. HP: 47/47 MP: 4/4
  1804 | D:3      | Reached skill level 5 in Long Blades
  2403 | D:2      | Bought a shiny chain mail for 150 gold pieces
  2450 | D:4      | Reached XP level 6. HP: 55/55 MP: 5/5
  2454 | D:4      | Reached skill level 5 in Fighting
  2462 | D:4      | Reached skill level 6 in Long Blades
  2674 | D:4      | Found a staircase to the Ecumenical Temple.
  2676 | D:4      | Reached *** piety under Trog
  2677 | D:4      | Reached XP level 7. HP: 60/61 MP: 6/6
  2874 | D:4      | You fall into a shaft and drop 2 floors!
  2913 | D:6      | Slain by a wyvern zombie

Illustrated notes

Levels and vault maps discovered:
D:1:      dpeg_arrival_lava_altar, layout_rooms, serial_shops,
          nicolae_shop_waterfront
D:2:      layout_basic, serial_shops, shop, minmay_tiny_reverse_x, uniq_terence
D:3:      layout_rooms, nicolae_ecumenical_lake_church, grunt_ministairs_4,
          kennysheep_doodads, st_stairs_6, nicolae_kite_square_tiling_tiny,
          dk_noncrumbling_4, minmay_crystal_water
D:4:      layout_rooms, minmay_temple_entry_drinking_statues,
          minmay_shop_damaged, lightli_corner_chamber, uniq_robin
D:6:      layout_basic, lemuel_crystal_altar, mainiacjoe_overflow_24_doors,
          gammafunk_ghost_smash, serial_undead, serial_undead_e,
          serial_undead_c, serial_undead_d, serial_undead_b, dk_noncrumbling_3

Skill      XL: |  1  2  3  4  5  6  7 |
---------------+----------------------+-----
Long Blades    | 4 5 6 |  6.4
Fighting       | 4 5 |  5.3
Shields        | 1 2 3 4 |  4.2
Armour         | 3 4 |  4.7
Dodging        | 3 |  3.3
Stealth        | |  0.8

Action                   |  1- 3 |  4- 6 |  7- 9 || total
-------------------------+-------+-------+-------++-------
Melee: Falchion          |    79 |   122 |    33 ||   234
       Headbutt          |    13 |    24 |     7 ||    44
Invok: Berserk           |     1 |     3 |       ||     4
  Use: Scroll            |     1 |       |       ||     1
Armor: Animal skin       |    19 |       |       ||    19
       Chain mail        |    17 |    59 |     8 ||    84
Dodge: Dodged            |    53 |    25 |     5 ||    83
Block: Tower shield      |    34 |    72 |    28 ||   134

Table legend: (Time is in decaauts)
 A = Elapsed time spent in this place.
 B = Non-inter-level travel time spent in this place.
 C = Inter-level travel time spent in this place.
 D = Time resting spent in this place.
 E = Time spent auto-exploring this place.
 F = Levels seen in this place.
 G = Mean time per level.
                   A        B        C        D        E       F      G
               +--------+--------+--------+--------+--------+-----+--------+
         Total |   3042 |   2866 |    176 |     95 |   1920 |   5 |  608.4 |
       Dungeon |   3042 |   2866 |    176 |     95 |   1920 |   5 |  608.4 |
               +--------+--------+--------+--------+--------+-----+--------+

Top non-repeatable levels by time:
     D:3: 996 daAuts
     D:2: 987 daAuts
     D:1: 558 daAuts
     D:4: 453 daAuts
     D:6: 46 daAuts
